 Dungeon Crawl Stone Soup version 0.28-a0-80-g9707f7362f (webtiles) character file.

Game seed: 8647824608947048713

5177 arson the Fighter (level 10, -2/48 HPs)
             Began as a Vine Stalker Berserker on Aug 4, 2021.
             Was a High Priest of Trog.
             Slain by a small abomination (13 damage)
             ... on level 9 of the Dungeon.
             The game lasted 00:17:31 (7717 turns).

arson the Fighter (Vine Stalker Berserker)          Turns: 7717, Time: 00:17:32

Health: -2/48      AC: 10    Str: 23    XL:     10   Next: 60%
Magic:  0/11       EV:  5    Int:  7    God:    Trog [*****.]
Gold:   356        SH: 15    Dex: 14    Spells: 9/9 levels left

rFire   + + .      SeeInvis +   y - +2 demon trident (elec)
rCold   + + .      Faith    .   x - +2 shield of Resistance {rF++ rC++ Will++}
rNeg    + + .      Spirit   +   i - +0 chain mail
rPois   .          Reflect  +   (no helmet)
rElec   .          Harm     .   (no cloak)
rCorr   +          Rampage  .   c - +0 pair of gloves
Will    +++..      Rnd*Tele +   w - +0 pair of boots
Stlth   ..........              s - amulet "Put-Me-On" {Reflect Drain rN++ SH+5 SInv}
HPRegen 1.16/turn               h - ring of resist corrosion
MPRegen 0.12/turn               (no ring)

@: on berserk cooldown, slowed, very slow
A: fangs 3, regeneration 1, magic shield, antimagic bite, no potion heal 2,
[frail 2], [teleportitis 2]
a: Renounce Religion, Berserk, Trog's Hand, Brothers in Arms


You were on level 9 of the Dungeon.
You worshipped Trog.
Trog was extremely pleased with you.
You visited 1 branch of the dungeon, and saw 9 of its levels.
You visited the Abyss 1 time.
You also visited: Sewer and Ossuary.

You collected 356 gold pieces.

Inventory:

Hand Weapons
 b - a +0 war axe
 y - a +2 demon trident of electrocution (weapon)
 z - a +9 quarterstaff
Armour
 c - a +0 pair of gloves (worn)
 i - a +0 chain mail (worn)
 w - a +0 pair of boots (worn)
 x - the +2 shield of Resistance (worn) {rF++ rC++ Will++}
   (You found it on level 7 of the Dungeon)

   rF:        It greatly protects you from fire.
   rC:        It greatly protects you from cold.
   Will:      It greatly increases your willpower.
Jewellery
 h - a ring of resist corrosion (left hand)
 s - the amulet "Put-Me-On" (around neck) {Reflect Drain rN++ SH+5 SInv}
   (You found it on level 4 of the Dungeon)

   [amulet of reflection]

   It reflects blocked missile attacks.
   rN:        It greatly protects you from negative energy.
   SInv:      It lets you see invisible.
   Drain:     It drains your maximum health when unequipped.
   SH:        It affects your SH (+5).
 E - an amulet of reflection
Wands
 n - a wand of polymorph (9)
 C - a wand of paralysis (9)
Scrolls
 j - 5 scrolls of fog
 l - 4 scrolls of enchant armour
 o - a scroll of magic mapping
 r - a scroll of noise {unknown}
 v - a scroll of blinking {unknown}
 B - 2 scrolls of teleportation {unknown}
 F - a scroll of vulnerability {unknown}
Potions
 a - 2 potions of brilliance {unknown}
 d - 3 potions of lignification {unknown}
 e - 6 potions of curing
 k - 5 potions of heal wounds {unknown}
 m - 3 potions of mutation {unknown}
 q - 6 potions of flight
 t - 2 potions of might {unknown}
 u - a potion of resistance
 A - 2 potions of magic {unknown}
 D - 2 potions of haste {unknown}


   Skills:
 + Level 10.3 Fighting
 - Level 8.4(9.3) Axes
 + Level 5.9(8.0) Polearms
 - Level 1.5 Armour
 - Level 1.5 Dodging


You had 9 spell levels left.
You didn't know any spells.
Your spell library was empty.

Dungeon Overview and Level Annotations

Branches:
Dungeon (9/15)             Temple (0/1) D:4           Sewer (visited)
Ossuary (visited)
   Lair: D:8-11         Orc: D:9-12

Altars:
Ashenzari
Fedhas
Hepliaklqana
Ru
Uskayaw
Wu Jian
Yredelemnul
The Shining One

Annotations:
D:9 Psyche


Innate Abilities, Weirdness & Mutations

You have razor-sharp teeth.
Your natural rate of healing is unusually fast.
When hurt, damage is shared between your health and your magic reserves.
Your bite disrupts and absorbs the magic of your enemies.
Potions cannot restore your health.
[You are very frail. (-20% HP)]
[You are sometimes teleported next to monsters.]


Message History

The kobold demonologist hits you but does no damage.
The kobold demonologist looks satisfied for a moment.
You feel a strong urge to attack something.
There is a gateway leading out of the Abyss here.
You are no longer berserk.
You are exhausted.
You feel yourself slow down. The small abomination hits you!
You pass through the gate.
Welcome back to the Dungeon!
Level annotation: Psyche You block the two-headed ogre's attack.
The two-headed ogre hits you with a +0 giant club.
The orc hits you but does no damage.
The two-headed ogre hits you with a +0 giant spiked club!!
The two-headed ogre barely misses you.
There is a stone staircase leading up, spattered with blood here.
As you read the scroll of fear, it crumbles to dust.
You assume a fearsome visage.
The small abomination is unaffected.
The orc priest looks frightened!
The orc looks frightened! x2
The two-headed ogre looks frightened!
You block the small abomination's attack.
The orc begs for mercy.
The orc priest nearly stumbles in trying to escape.
The orc pleads, "Why can't we all just get along?"
The small abomination hits you!
* * * LOW HITPOINT WARNING * * *
The orc screams, "Help!"
You block the small abomination's attack.
The small abomination hits you!
* * * LOW HITPOINT WARNING * * *
There is a stone staircase leading up here.
You puncture the small abomination! You bite the small abomination.
You drain its power.
You feel invigorated.
The small abomination is severely damaged.
You block the small abomination's attack. x2
You closely miss the small abomination. Your bite misses the small abomination.
The small abomination is severely damaged.
You block the small abomination's attack.
The small abomination hits you!
You die...

#................#...
l
#..........##+####....
#..........#
##..##.....#
#..##<....# #...
+.O...# #... #.....#
#... #.x...# ##
#.@...# #.........
#......... #..##.####
#..# .# .... . .... .
##... ..


You could see a two-headed ogre and a small abomination.

Vanquished Creatures
  A two-headed ogre (D:8)
  A wretched star (Abyss:2)
  A gargoyle (D:7)
  A wyvern (D:5)
  A steam dragon (D:6)
  3 water moccasins
  Duvessa (D:5)
  An orc warrior (D:9)
  2 sky beasts
  A hornet zombie (Ossuary)
  2 ice beasts
  A necrophage (D:5)
  A centaur (D:8)
  A phantom (D:5)
  2 kobold brigands
  3 bullfrogs (D:8)
  2 scorpions
  Dowan (D:5)
  5 water moccasin zombies (Ossuary)
  3 wights (D:7)
  11 bullfrog zombies
  2 centaur zombies (Ossuary)
  A centaur skeleton (D:4)
  2 jellies (D:5)
  2 hounds (D:4)
  2 gnoll shamans
  An orc priest (D:4)
  A bullfrog skeleton (D:4)
  2 iguanas
  3 orc wizards
  A killer bee zombie (D:5)
  A hound zombie (D:5)
  12 mummies (Ossuary)
  2 adders
  12 gnolls
  2 white imps
  2 ufetubi
  7 worms
  3 dart slugs
  14 orcs
  14 bats
  11 endoplasms
  5 giant cockroaches
  4 goblins
  4 hobgoblins
  8 jackals
  11 kobolds
  4 quokkas
  7 ball pythons
  4 frilled lizards
  6 rats
195 creatures vanquished.

Vanquished Creatures (others)
  A kobold (D:8)
  7 plants (D:9)
  6 withered plants (Ossuary)
14 creatures vanquished.

Grand Total: 209 creatures vanquished

Notes
Turn   | Place    | Note
-------+----------+-------------------------------------------
     0 | D:1      | arson the Vine Stalker Berserker began the quest for the
                  | Orb.
     0 | D:1      | Reached XP level 1. HP: 11/11 MP: 2/2
   141 | D:1      | Reached skill level 3 in Fighting
   141 | D:1      | Reached XP level 2. HP: 6/16 MP: 1/3
   495 | D:1      | Found a faded altar of an unknown god.
   951 | D:2      | Reached XP level 3. HP: 20/20 MP: 4/4
  1647 | D:2      | Reached ** piety under Trog
  2243 | D:3      | Gained mutation: Your natural rate of healing is unusually
                  | fast. [Vine Stalker growth]
  2243 | D:3      | Reached XP level 4. HP: 22/25 MP: 5/5
  2593 | D:4      | Reached skill level 4 in Fighting
  2619 | D:4      | Reached XP level 5. HP: 29/29 MP: 6/6
  2672 | D:4      | Found a staircase to the Ecumenical Temple.
  2855 | D:4      | Found a glowing drain.
  2862 | Sewer    | Entered a sewer
  2906 | Sewer    | Reached *** piety under Trog
  3018 | Sewer    | Reached XP level 6. HP: 34/34 MP: 7/7
  3217 | D:4      | Found a hide-covered altar of Uskayaw.
  3616 | D:4      | Reached skill level 5 in Fighting
  3742 | D:4      | Reached skill level 5 in Axes
  3803 | D:4      | Identified the amulet "Put-Me-On" {Reflect Drain rN++ SH+5
                  | SInv}
  3859 | D:5      | Entered Level 5 of the Dungeon
  3859 | D:5      | Noticed an ice beast
  3859 | D:5      | Noticed a necrophage
  4074 | D:5      | Noticed a water moccasin
  4085 | D:5      | Killed a water moccasin
  4086 | D:5      | Reached XP level 7. HP: 39/39 MP: 5/8
  4298 | D:5      | Noticed Duvessa
  4300 | D:5      | Noticed Dowan
  4301 | D:5      | Reached skill level 6 in Fighting
  4313 | D:5      | Killed Duvessa
  4316 | D:5      | Killed Dowan
  4317 | D:5      | Gained mutation: You have razor-sharp teeth. [Vine Stalker
                  | growth]
  4317 | D:5      | Reached XP level 8. HP: 45/45 MP: 6/9
  4320 | D:5      | Reached **** piety under Trog
  4592 | D:5      | Noticed a wyvern
  4595 | D:5      | Killed a wyvern
  4596 | D:5      | Reached skill level 7 in Fighting
  5144 | D:6      | Reached XP level 9. HP: 44/51 MP: 5/10
  5290 | D:6      | Found a glowing golden altar of the Shining One.
  5993 | D:7      | Reached skill level 8 in Fighting
  6053 | D:7      | Found the +2 shield of Resistance {rF++ rC++ Will++}
  6223 | D:7      | Noticed a gargoyle
  6241 | D:7      | Killed a gargoyle
  6242 | D:7      | Reached skill level 1 in Polearms
  6294 | D:7      | Found a broken altar of Ashenzari.
  6496 | D:7      | Found a faded altar of an unknown god.
  6498 | D:7      | Found a hazy altar of Hepliaklqana.
  6579 | D:8      | Found a sand-covered staircase.
  6589 | Ossuary  | Entered an ossuary
  6680 | Ossuary  | Reached skill level 9 in Fighting
  6801 | Ossuary  | Reached XP level 10. HP: 53/58 MP: 11/11
  6953 | D:8      | Found an ornate altar of the Wu Jian Council.
  7000 | D:8      | Found a blossoming altar of Fedhas.
  7080 | D:8      | Reached ***** piety under Trog
  7126 | D:8      | Found a basalt altar of Yredelemnul.
  7199 | D:8      | Noticed a two-headed ogre
  7209 | D:8      | Killed a two-headed ogre
  7210 | D:8      | Reached skill level 10 in Fighting
  7210 | D:8      | Reached skill level 5 in Polearms
  7356 | D:8      | Found a sacrificial altar of Ru.
  7640 | D:9      | Noticed a two-headed ogre
  7641 | D:9      | Noticed Psyche
  7661 | D:9      | Cast into level 2 of the Abyss (Psyche)
  7696 | Abyss:2  | Noticed a wretched star
  7703 | Abyss:2  | Noticed a kobold demonologist
  7706 | Abyss:2  | Killed a wretched star
  7710 | D:9      | Escaped the Abyss
  7717 | D:9      | Slain by a small abomination

Illustrated notes

Levels and vault maps discovered:
D:1:      scummos_arrival_simple_crosswalls, layout_basic,
          ebering_ecumenical_altar_abandoned
D:2:      layout_loops_cross
D:3:      layout_loops_ring
D:4:      layout_loops_corners, kennysheep_mini_moat, minmay_temple_entry_wispy,
          cheibrodos_sewer_entry_sluice, st_stairs_14, grunt_tough_drop
D:5:      layout_basic, st_stairs_12, kennysheep_small_spiral, uniq_duvessa
D:6:      layout_gridville, tso_metal_star
D:7:      layout_rooms, beargit_hepliaklqana_dungeon_heroes,
          nicolae_ashenzari_skybound
D:8:      layout_basic, lemuel_round_altar, marbit_many_paths,
          mainiacjoe_overflow_catwalk, mainiacjoe_overflow_cross_hatched,
          nicolae_ossuary_entry_ruins, hex_intersection, serial_bayou_ford_a
D:9:      layout_gridville, nicolae_overflow_hidden_temple,
          minmay_lair_entry_grove, david_orc_3, nicolae_shop_clearance,
          uniq_psyche

Skill      XL: |  1  2  3  4  5  6  7  8  9 10 |
---------------+-------------------------------+-----
Fighting       | 3 4 5 6 7 9 10 | 10.3
Axes           | 3 4 5 6 7 8 |  8.4
Polearms       | 3 5 |  5.9
Armour         | |  1.5
Dodging        | |  1.5

Action                   |  1- 3 |  4- 6 |  7- 9 | 10-12 || total
-------------------------+-------+-------+-------+-------++-------
Melee: Hand axe          |    89 |       |       |       ||    89
       Bite              |    28 |    37 |    78 |    21 ||   164
       War axe           |    11 |   165 |   163 |       ||   339
       Demon trident     |       |       |   109 |    70 ||   179
Invok: Berserk           |     1 |     3 |     5 |     2 ||    11
       Trog's Hand       |       |       |     1 |       ||     1
Evoke: Wand              |       |       |     1 |     1 ||     2
  Use: Potion            |       |       |     1 |       ||     1
       Scroll            |       |       |       |     6 ||     6
 Stab: Distracted        |     1 |       |       |       ||     1
       Paralysed         |       |       |       |     1 ||     1
Armor: Animal skin       |    22 |       |       |       ||    22
       Chain mail        |    10 |   148 |   108 |    24 ||   290
Dodge: Dodged            |    59 |   127 |    74 |    14 ||   274
Block: Other             |       |     3 |    30 |       ||    33
       Kite shield       |       |       |   109 |    60 ||   169
       Reflection        |       |       |     2 |     3 ||     5

Table legend: (Time is in decaauts)
 A = Elapsed time spent in this place.
 B = Non-inter-level travel time spent in this place.
 C = Inter-level travel time spent in this place.
 D = Time resting spent in this place.
 E = Time spent auto-exploring this place.
 F = Levels seen in this place.
 G = Mean time per level.
                   A        B        C        D        E       F      G
               +--------+--------+--------+--------+--------+-----+--------+
         Total |   8087 |   7843 |    244 |    615 |   5507 |  12 |  673.9 |
       Dungeon |   7194 |   6950 |    244 |    566 |   5129 |   9 |  799.3 |
         Abyss |     46 |     46 |      0 |      0 |      0 |   1 |   46.0 |
         Sewer |    430 |    430 |      0 |      2 |    266 |   1 |  430.0 |
       Ossuary |    416 |    416 |      0 |     47 |    111 |   1 |  416.0 |
               +--------+--------+--------+--------+--------+-----+--------+

Top non-repeatable levels by time:
     D:4: 1191 daAuts
     D:6: 1000 daAuts
     D:1: 965 daAuts
     D:5: 953 daAuts
     D:2: 873 daAuts
     D:3: 795 daAuts
     D:8: 713 daAuts
     D:7: 613 daAuts
   Sewer: 430 daAuts
 Ossuary: 416 daAuts
     D:9: 86 daAuts
 Abyss:2: 46 daAuts
